 Dungeon Crawl Stone Soup version 0.16.2-3-ga078185 (webtiles) character file.

113 gorblad the Skirmisher (level 4, -2/37 HPs)
             Began as a Mummy Fighter on Sept 6, 2015.
             Killed from afar by Natasha (7 damage)
             ... with a magic dart
             ... on level 3 of the Dungeon.
             The game lasted 00:08:43 (2177 turns).

gorblad the Skirmisher (Mummy Fighter)              Turns: 2177, Time: 00:08:43

Health: -2/37      AC:  5    Str: 19    XL:     4   Next: 65%
Magic:  4/4        EV:  8    Int:  7    God:
Gold:   114        SH:  9    Dex: 12    Spells: 0 memorised, 3 levels left

rFire  x . .     SeeInvis .     a - +0 long sword
rCold  + . .     Clarity  .     d - +0 ring mail
rNeg   + + +     SustAb   .     c - +0 shield
rPois  ∞         Gourm    .     (no helmet)
rElec  .         Spirit   .     (no cloak)
rCorr  .         Warding  .     (no gloves)
rMut   +         Stasis   .     (no boots)
MR     +....                    n - amulet of resist mutation
Stlth  +.........               (no ring)
                                f - ring of protection from magic

@: somewhat resistant to hostile enchantments, very unstealthy
A: no food or potions, fire vulnerability, restore body, cold resistance 1,
negative energy resistance 3, poison resistance, torment resistance, unbreathing
a: no special abilities


You were on level 3 of the Dungeon.
You were not hungry.

You visited 1 branch of the dungeon, and saw 3 of its levels.

You collected 114 gold pieces.

Inventory:

Hand weapons
 a - a +0 long sword (weapon)
Armour
 b - a +0 scale mail
 c - a +0 shield (worn)
 d - a +0 ring mail (worn)
 h - a +0 buckler
Jewellery
 e - an uncursed amulet of warding
 f - a ring of protection from magic (left hand)
 n - an amulet of resist mutation (around neck)
Scrolls
 g - a scroll of remove curse {unknown}
 i - a scroll of magic mapping {unknown}
 j - a scroll of noise {unknown}
 k - a scroll of identify {unknown}
 l - a scroll of fear {unknown}
 m - a scroll of recharging {unknown}


   Skills:
 + Level 3.8 Fighting
 + Level 2.1 Long Blades
 + Level 2.9 Armour
 + Level 1.4 Dodging
 + Level 2.7 Shields


You had 3 spell levels left.
You didn't know any spells.

Dungeon Overview and Level Annotations

Branches:
Dungeon (3/15)

Altars:
Sif Muna

Annotations:
D:3 Natasha


Innate Abilities, Weirdness & Mutations

You do not eat or drink.
Your flesh is vulnerable to fire.
Your flesh is cold resistant.
You are immune to negative energy.
Your system is resistant to poisons.
You are immune to unholy pain and torment.
You can survive without breathing.


Message History

* * * LOW HITPOINT WARNING * * *
You slash the kobold!
You kill the kobold!
The crimson imp hits you but does no damage.
You closely miss the crimson imp.
The crimson imp disappears in a puff of smoke!
The crimson imp closely misses you.
Natasha wildly gestures.
Natasha shimmers violently.
You closely miss the crimson imp.
The crimson imp disappears in a puff of smoke!
The crimson imp closely misses you.
The crimson imp blinks!
Natasha zaps a wand.
You resist with almost no effort.
It is a wand of polymorph.
You see here a stone.
Natasha casts a spell.
Natasha zaps a wand.
Natasha stares at you and mumbles some strange words.
The magic dart hits you!
You die...

...#.# ..... ##...# .....
##.## ... ###.### .). #.....#
#5# #.###.######### #†# # #.#
#.........#### #)####.####
#.###.#######....###(.........
#.....# ####@...h.....####
####### ############


You could see Natasha.

Vanquished Creatures
  An iron imp (D:3)
  5 adders
  A shadow imp (D:3)
  2 worms (D:2)
  4 giant geckos
  An ooze (D:2)
  An orc (D:3)
  5 bats
  A hobgoblin (D:2)
  8 jackals
  A ball python (D:2)
  5 giant cockroaches
  2 giant newts
  8 goblins
  3 kobolds
  11 rats
59 creatures vanquished.

Notes
Turn   | Place    | Note
--------------------------------------------------------------
     0 | D:1      | gorblad, the Mummy Fighter, began the quest for the Orb.
     0 | D:1      | Reached XP level 1. HP: 18/18 MP: 1/1
   210 | D:1      | Reached XP level 2. HP: 24/24 MP: 2/2
   943 | D:2      | Reached XP level 3. HP: 24/29 MP: 3/3
  1142 | D:2      | Reached skill level 1 in Dodging
  1387 | D:2      | Found a deep blue altar of Sif Muna.
  1651 | D:2      | Reached XP level 4. HP: 31/36 MP: 4/4
  2147 | D:3      | Noticed Natasha
  2177 | D:3      | Killed from afar by Natasha

Action                   |  1- 3 |  4- 6 || total
-------------------------+-------+-------++-------
Melee: Long sword        |   150 |    71 ||   221
